 Dungeon Crawl Stone Soup version 0.21-b1-21-g86478ac (webtiles) character file.

5460 Plasmagod the Cruncher (level 10, 0/96 HPs)
             Began as a Minotaur Gladiator on Jan 4, 2018.
             Was a Believer of Trog.
             Slain by a troll (3 damage)
             ... on level 9 of the Dungeon.
             The game lasted 00:42:15 (8338 turns).

Plasmagod the Cruncher (Minotaur Gladiator)         Turns: 8338, Time: 00:42:18

Health: 0/96       AC: 18    Str: 21    XL:     10   Next: 41%
Magic:  9/9        EV:  9    Int:  5    God:    Trog [**....]
Gold:   176        SH:  0    Dex: 13    Spells: 9/9 levels left

rFire    . . .     SeeInvis .   h - +1 battleaxe (chop)
rCold    . . .     Gourm    +   (shield currently unavailable)
rNeg     . . .     Faith    .   t - +0 plate armour
rPois    .         Spirit   .   c - +0 hat
rElec    .         Reflect  .   y - +0 cloak
rCorr    .         Harm     .   G - +0 pair of gloves
MR       .....                  l - +1 pair of boots
Stlth    ..........             K - amulet of the gourmand
HPRegen  0.26/turn              (no ring)
MPRegen  0.11/turn              (no ring)

@: berserk cooldown, slowed, very slow
A: retaliatory headbutt, horns 2, robust 1, evolution 1
a: Berserk, Trog's Hand, Burn Spellbooks, Renounce Religion


You were on level 9 of the Dungeon.
You worshipped Trog.
Trog was pleased with you.
You were not hungry.

You visited 2 branches of the dungeon, and saw 10 of its levels.

You collected 496 gold pieces.
You spent 320 gold pieces at shops.

Inventory:

Hand Weapons
 a - a +0 vampiric long sword
 h - a +1 battleaxe of chopping (weapon)
 u - a +0 shortbow
 x - a +4 quarterstaff of chaos
Missiles
 d - 8 throwing nets (quivered)
 J - 66 arrows
Armour
 c - a +0 hat (worn)
 l - a +1 pair of boots (worn)
 q - a +1 scale mail of magic resistance
 t - a +0 plate armour (worn)
 y - a +0 cloak (worn)
 E - a +0 shield
 G - a +0 pair of gloves (worn)
Jewellery
 K - an amulet of the gourmand (around neck)
Wands
 g - a wand of random effects (23)
 w - a wand of enslavement (16)
 z - a wand of paralysis (12)
 F - a wand of iceblast (7)
 H - a wand of flame (69)
Scrolls
 b - 7 scrolls of remove curse
 e - 2 scrolls of enchant armour
 i - 3 scrolls of fog
 m - 2 scrolls of immolation {unknown}
 n - 2 scrolls of blinking {unknown}
 p - 4 scrolls of identify
 L - 2 scrolls of teleportation
Potions
 j - a potion of ambrosia {unknown}
 k - a potion of magic {unknown}
 o - a potion of lignification
 r - a potion of invisibility {unknown}
 s - a potion of curing
 A - a potion of brilliance
 B - 4 potions of flight
 C - a potion of agility
 D - a potion of cancellation
Comestibles
 f - 10 rations


   Skills:
 + Level 8.0 Fighting
 + Level 6.5 Long Blades
 + Level 5.7 Axes
 + Level 10.6 Staves
 + Level 2.1 Bows
 + Level 2.2 Throwing
 + Level 8.1 Armour
 + Level 5.3 Dodging
 + Level 2.2 Stealth


You had 9 spell levels left.
You didn't know any spells.

Dungeon Overview and Level Annotations

Branches:
Dungeon (9/15)             Temple (1/1) D:6
   Lair: D:8-11         Orc: D:9-12

Altars:
Ashenzari
Cheibriados
Dithmenos
Elyvilon
Fedhas
Hepliaklqana
Kikubaaqudgha
Makhleb
Nemelex Xobeh
Okawaru
Qazlal
Ru
Sif Muna
Trog
Uskayaw
Vehumet
Wu Jian
Xom
Yredelemnul
Zin
The Shining One

Shops:
D:8 *


Innate Abilities, Weirdness & Mutations

You reflexively headbutt those who attack you in melee.
You have a pair of horns on your head.
You are robust. (+10% HP)
You evolve.


Message History

The troll is severely wounded.
The troll bites you!
* * * LOW HITPOINT WARNING * * *
The troll claws you but does no damage. x2
The troll bites you but does no damage. The troll claws you.
* * * LOW HITPOINT WARNING * * *
The troll closely misses you.
You barely miss the troll.
The troll is severely wounded.
The troll bites you!
* * * LOW HITPOINT WARNING * * *
The troll claws you.
* * * LOW HITPOINT WARNING * * *
The troll barely misses you. The troll closely misses you.
You furiously retaliate!
You headbutt the troll! The troll claws you but does no damage.
The troll barely misses you. The troll bites you!
* * * LOW HITPOINT WARNING * * *
The troll claws you.
You die...

####.#### #..# ..
#.....###..#### .. #
#.............###.#
###)#........##.....#
......#.####.##..####
###.....# #.##..# #
####### #.##..#
#.##..### #.##.@T.#
#.....$.......#
#.########<#### .# .#


You could see a troll.

Vanquished Creatures
  A two-headed ogre (D:9)
  Pikel (D:5)
  Grinder (D:6)
  Prince Ribbit (D:7)
  2 hippogriffs
  A steam dragon (D:6)
  A hog (D:6)
  Duvessa (D:6)
  An ice beast (D:8)
  An orc warrior (D:5)
  2 slaves (D:5)
  A black bear (D:6)
  2 phantoms
  3 centaurs
  8 ogres
  A big kobold (D:8)
  A bullfrog (D:6)
  2 scorpions (D:5)
  A wyvern skeleton (D:8)
  8 crimson imps
  A quasit (D:8)
  A bullfrog zombie (D:6)
  3 jellies
  Crazy Yiuf (D:3)
  3 orc priests
  A centaur skeleton (D:9)
  5 hounds
  9 orc wizards
  Terence (D:2)
  Natasha (thrice) (D:2)
  2 iguanas
  6 worker ants
  A worker ant zombie (D:5)
  A howler monkey zombie (D:6)
  8 gnolls
  12 adders
  4 shadow imps
  An ooze (D:2)
  6 worms
  2 dart slugs
  4 leopard geckos
  14 orcs
  5 giant cockroaches
  8 goblins
  10 hobgoblins
  22 jackals
  A quokka (D:7)
  A ball python (D:2)
  3 bats
  7 frilled lizards
  2 goblin zombies (D:5)
  10 kobolds
  10 rats
208 creatures vanquished.

Vanquished Creatures (others)
  A slave (D:5)
  A worm (D:5)
  An orc (D:5)
3 creatures vanquished.

Grand Total: 211 creatures vanquished

Notes
Turn   | Place    | Note
-------+----------+-------------------------------------------
     0 | D:1      | Plasmagod the Minotaur Gladiator began the quest for the Orb.
     0 | D:1      | Reached XP level 1. HP: 18/18 MP: 0/0
   326 | D:1      | Reached XP level 2. HP: 25/25 MP: 1/1
   739 | D:1      | Reached XP level 3. HP: 30/30 MP: 2/2
   818 | D:1      | Reached skill level 1 in Armour
  1292 | D:2      | Noticed Natasha
  1297 | D:2      | Killed Natasha
  1297 | D:2      | Reached XP level 4. HP: 34/37 MP: 3/3
  1358 | D:2      | Noticed Natasha
  1363 | D:2      | Killed Natasha
  1373 | D:2      | Reached skill level 5 in Long Blades
  1377 | D:2      | Noticed Natasha
  1383 | D:2      | Killed Natasha
  1383 | D:2      | Reached XP level 5. HP: 39/45 MP: 4/4
  1575 | D:2      | Found a white marble altar of Elyvilon.
  1610 | D:2      | Noticed Terence
  1621 | D:2      | Killed Terence
  2062 | D:3      | Reached skill level 5 in Dodging
  2198 | D:3      | Reached XP level 6. HP: 51/51 MP: 5/5
  2350 | D:3      | Found an ancient bone altar of Kikubaaqudgha.
  2456 | D:3      | Found a runed door.
  2596 | D:3      | Noticed Crazy Yiuf
  2602 | D:3      | Killed Crazy Yiuf
  2762 | D:3      | Reached skill level 1 in Staves
  3062 | D:4      | Reached skill level 2 in Staves
  3133 | D:4      | Reached XP level 7. HP: 58/58 MP: 6/6
  3782 | D:5      | Entered Level 5 of the Dungeon
  3824 | D:5      | You fall through a shaft for 2 floors!
  3834 | D:7      | Reached skill level 3 in Staves
  3860 | D:7      | Noticed Duvessa
  3860 | D:7      | Noticed Dowan
  3874 | D:6      | Killed Duvessa
  3874 | D:6      | Reached skill level 4 in Staves
  3878 | D:6      | Noticed Grinder
  3880 | D:6      | Noticed Dowan
  3880 | D:6      | Dowan changed into Dowan the steam dragon
  3882 | D:6      | Killed Dowan the steam dragon
  3882 | D:6      | Reached skill level 5 in Staves
  3891 | D:6      | Killed Grinder
  3891 | D:6      | Reached skill level 5 in Armour
  3891 | D:6      | Reached XP level 8. HP: 40/67 MP: 7/7
  3893 | D:6      | Reached skill level 6 in Staves
  4151 | D:6      | Found a staircase to the Ecumenical Temple.
  4160 | Temple   | Entered the Ecumenical Temple
  4181 | Temple   | Became a worshipper of Trog the Wrathful
  4434 | D:6      | Reached skill level 5 in Fighting
  4434 | D:6      | Reached skill level 7 in Staves
  4844 | D:6      | Reached skill level 8 in Staves
  4894 | D:6      | Reached * piety under Trog
  5148 | D:6      | Reached XP level 9. HP: 72/75 MP: 8/8
  5267 | D:6      | Found a blossoming altar of Fedhas.
  5520 | D:5      | Noticed Pikel
  5538 | D:5      | Killed Pikel
  5538 | D:5      | Reached skill level 9 in Staves
  5538 | D:5      | Reached skill level 1 in Stealth
  5845 | D:5      | Reached skill level 10 in Staves
  6617 | D:7      | Noticed Prince Ribbit
  6627 | D:7      | Killed Prince Ribbit
  6638 | D:7      | Found a basalt altar of Yredelemnul.
  6664 | D:7      | Reached skill level 1 in Bows
  6707 | D:7      | Reached ** piety under Trog
  6787 | D:7      | Found a burning altar of Makhleb.
  6844 | D:7      | Found a hazy altar of Hepliaklqana.
  7040 | D:7      | Gained mutation: You have an increased reservoir of magic. (+10% MP) [potion of mutation]
  7040 | D:7      | Gained mutation: You are covered in fur. (AC +1) [potion of mutation]
  7041 | D:7      | Lost mutation: You are covered in fur. (AC +1) [potion of mutation]
  7041 | D:7      | Lost mutation: You have an increased reservoir of magic. (+10% MP) [potion of mutation]
  7041 | D:7      | Gained mutation: You are robust. (+10% HP) [potion of mutation]
  7041 | D:7      | Gained mutation: You evolve. [potion of mutation]
  7266 | D:8      | Reached skill level 1 in Axes
  7266 | D:8      | Reached XP level 10. HP: 89/94 MP: 9/9
  8053 | D:8      | Found Cilae's General Store.
  8060 | D:8      | Bought a scroll of brand weapon for 320 gold pieces
  8242 | D:9      | Noticed a two-headed ogre
  8247 | D:9      | Killed a two-headed ogre
  8247 | D:9      | Reached skill level 5 in Axes
  8338 | D:9      | HP: 3/96 [troll (10)]
  8338 | D:9      | Slain by a troll

Skill      XL: |  1  2  3  4  5  6  7  8  9 10 |
---------------+-------------------------------+-----
Long Blades    | 4 5 6 |  6.5
Armour         | 1 2 3 5 6 7 8 |  8.1
Dodging        | 4 5 |  5.3
Fighting       | 3 4 6 7 8 |  8.0
Staves         | 2 5 8 10 | 10.6
Stealth        | 2 |  2.2
Bows           | 2 |  2.1
Axes           | 1 5 |  5.7
Throwing       | |  2.2

Action                   |  1- 3 |  4- 6 |  7- 9 | 10-12 || total
-------------------------+-------+-------+-------+-------++-------
Melee: Long sword        |    77 |   105 |       |       ||   182
       Headbutt          |    10 |    31 |    49 |    15 ||   105
       Quarterstaff      |       |    41 |   223 |       ||   264
       Battleaxe         |       |       |    19 |    70 ||    89
 Fire: Shortbow          |       |       |    17 |       ||    17
Invok: Berserk           |       |       |       |     2 ||     2
  Use: Scroll            |     1 |     4 |     2 |     2 ||     9
       Potion            |       |     1 |     6 |     2 ||     9
 Stab: Paralysed         |       |       |     3 |       ||     3
  Eat: Chunk             |     1 |     2 |     1 |    11 ||    15
       Ration            |       |     2 |     3 |       ||     5
Armor: Leather armour    |    18 |       |       |       ||    18
       Ring mail         |     1 |    11 |       |       ||    12
       Scale mail        |       |    16 |       |       ||    16
       Plate armour      |       |    59 |   149 |    78 ||   286
Dodge: Dodged            |    79 |    87 |    70 |    53 ||   289
       Rpst.: Long sword |    17 |    13 |       |       ||    30
